 Dungeon Crawl Stone Soup version 0.28-a0-932-g843f935a50 (webtiles) character file.

Game seed: 2059238579446043982

49 Glokmah the Magician (level 3, 0/25 HPs)
             Began as a Demonspawn Hedge Wizard on Nov 27, 2021.
             Slain by Robin (4 damage)
             ... on level 1 of the Dungeon.
             The game lasted 00:04:32 (1959 turns).

Glokmah the Magician (Demonspawn Hedge Wizard)      Turns: 1959, Time: 00:04:33

Health: 0/25       AC:  2    Str: 11    XL:     3   Next: 53%
Magic:  2/8        EV: 12    Int: 15    God:
Gold:   23         SH:  4    Dex: 12    Spells: 4/9 levels left

rFire   . . .      SeeInvis .   a - +0 dagger
rCold   . . .      Faith    .   (no shield)
rNeg    . . .      Spirit   .   b - +0 robe
rPois   .          Reflect  .   c - +0 hat
rElec   .          Harm     .   (no cloak)
rCorr   .          Rampage  .   (no gloves)
Will    .....                   (no boots)
Stlth   ++........              (no amulet)
HPRegen 0.08/turn               (no ring)
MPRegen 0.11/turn               (no ring)

@: no status effects
A: large bone plates 1, demonic touch 1
a: no special abilities


You were on level 1 of the Dungeon.
You visited 1 branch of the dungeon, and saw 2 of its levels.

You collected 23 gold pieces.

Inventory:

Hand Weapons
 a - a +0 dagger (weapon)
Armour
 b - a +0 robe (worn)
 c - a +0 hat (worn)
Jewellery
 f - an amulet of magic regeneration
Scrolls
 g - a scroll of magic mapping
Potions
 e - a potion of heal wounds {unknown}


   Skills:
 + Level 0.5 Fighting
 + Level 0.5 Armour
 - Level 1.7 Dodging
 - Level 1.9 Stealth
 + Level 3.6 Spellcasting
 + Level 1.5 Conjurations
 + Level 1.3 Summonings
 + Level 1.2 Translocations


You had 4 spell levels left.
You knew the following spells:

 Your Spells              Type           Power      Damage    Failure   Level
a - Magic Dart            Conj           28%        1d4       10%         1
b - Call Imp              Summ           6%         N/A       16%         2
c - Blink                 Tloc           12%        N/A       17%         2

Your spell library contained the following spells:

 Spells                   Type           Power      Damage    Failure   Level
 Slow                     Hex            8%         N/A       19%         1
 Conjure Flame            Conj/Fire      5%         6-21      38%         3
 Mephitic Cloud           Conj/Pois/Air  4%         N/A       41%         3


Dungeon Overview and Level Annotations

Branches:
Dungeon (2/15)

Altars:

Shops:
D:1 ?

Annotations:
D:1 Robin


Innate Abilities, Weirdness & Mutations

You are partially covered in large bone plates. (SH +4)
Your touch may inflict minor irresistible damage on your foes.


Message History

You hear a shout!
The goblin no longer looks unusually strong.
Robin's horned helmet rattles.
Robin zaps a wand.
You hear a grinding noise.
Your magical contamination has completely faded away.
The goblin unwields a +0 club.
The goblin wields a +0 hunting sling.
The goblin shoots a stone.
The stone barely misses you.
Casting: Call Imp (safe; 16% risk of failure)
Confirm with . or Enter, or press ? or * to list all spells.
A metallic apparition takes form in the air.
Robin zaps a wand.
Some rock shatters into small pieces.
The now-empty wand crumbles to dust.
Unknown command.
The goblin shoots a stone.
The stone barely misses your iron imp. The stone barely misses you.
Robin throws the goblin at you! The goblin barely misses you.
There is an escape hatch in the ceiling here.
You closely miss the goblin.
The goblin no longer looks unusually strong.
Robin throws the goblin at you! The goblin hits you but does no damage.
You closely miss the goblin. The goblin barely misses you. Robin misses you.
Robin roars a battlecry!
The goblins go into a battle-frenzy!
The goblin hits you with a +0 club. A mysterious force pulls you upwards.
The hatch slams shut behind you. The goblin closely misses you.
Robin barely misses you. Robin throws the goblin at you!
The goblin hits you with a +0 club. Robin hits you with a +0 hand axe.
The goblin hits you with a +0 club.
You hit the goblin.
The goblin is severely wounded.
Robin hits you with a +0 hand axe. The goblin hits you with a +0 club.
* * * LOW HITPOINT WARNING * * *
As you read the scroll labelled HOR MEGACIHORA, it crumbles to dust.
It is a scroll of identify.
g - a scroll of magic mapping Robin hits you with a +0 hand axe.
You die...

.........................###....#
..##########.............# #....#
.............##..........# ######
######.###.#.#...........#
..).......∩..#.........###
.......###.#.#........)# ...#####
#...#.........# ....#
#####.........# ...♣# #.g@......#
...♣ #...g.....# ..♣♣ #.).......#
.♣♣ #.........# ♣♣ #.........#
##.......## ##.....## #######


You could see Robin (fast) and a goblin (strong).

Vanquished Creatures
  An adder (D:2)
  2 dart slugs (D:1)
  6 bats
  2 endoplasms
  A giant cockroach (D:1)
  5 goblins
  3 hobgoblins (D:1)
  A quokka (D:1)
  3 ball pythons (D:1)
  5 frilled lizards (D:1)
  5 kobolds (D:1)
  2 rats
36 creatures vanquished.

Vanquished Creatures (collateral kills)
  An endoplasm (D:1)
1 creature vanquished.

Grand Total: 37 creatures vanquished

Notes
Turn   | Place    | Note
-------+----------+-------------------------------------------
     0 | D:1      | Glokmah the Demonspawn Hedge Wizard began the quest for the
                  | Orb.
     0 | D:1      | Reached XP level 1. HP: 13/13 MP: 4/4
   121 | D:1      | Found Olocoh's Magic Scroll Emporium.
   284 | D:1      | Gained mutation: You are partially covered in large bone
                  | plates. (SH +4) [demonic ancestry]
   284 | D:1      | Reached XP level 2. HP: 19/19 MP: 0/6
   397 | D:1      | Learned a level 2 spell: Call Imp
   400 | D:1      | Learned a level 2 spell: Blink
   500 | D:1      | Reached skill level 1 in Translocations
   997 | D:1      | Gained mutation: Your touch may inflict minor irresistible
                  | damage on your foes. [demonic ancestry]
   997 | D:1      | Reached XP level 3. HP: 25/25 MP: 0/8
  1538 | D:2      | Noticed Robin
  1959 | D:1      | Slain by Robin

Illustrated notes

Levels and vault maps discovered:
D:1:      sevenhm_arrival_forest_fort_large_4, layout_rooms, serial_shops,
          nicolae_shop_crystal
D:2:      minmay_chambers_of_twos, layout_loops_cross,
          dreamdust_ecumenical_altar_drowned_temple, uniq_robin

Skill      XL: |  1  2 |
---------------+-------+-----
Translocations | 1 |  1.2
Fighting       | |  0.5
Armour         | |  0.5
Dodging        | |  1.7
Stealth        | |  1.9
Spellcasting   | |  3.6
Conjurations   | |  1.5
Summonings     | |  1.3

Action                   || total
-------------------------++-------
Melee: Dagger            ||    46
       Touch             ||     5
 Cast: Magic Dart        ||    58
       Call Imp          ||     3
  Use: Scroll            ||     1
 Stab: Sleeping          ||     2
Armor: Robe              ||    12
Dodge: Dodged            ||    40
Block: Other             ||     6

Table legend: (Time is in decaauts)
 A = Elapsed time spent in this place.
 B = Non-inter-level travel time spent in this place.
 C = Inter-level travel time spent in this place.
 D = Time resting spent in this place.
 E = Time spent auto-exploring this place.
 F = Levels seen in this place.
 G = Mean time per level.
                   A        B        C        D        E       F      G
               +--------+--------+--------+--------+--------+-----+--------+
         Total |   1962 |   1826 |    136 |    319 |   1192 |   2 |  981.0 |
       Dungeon |   1962 |   1826 |    136 |    319 |   1192 |   2 |  981.0 |
               +--------+--------+--------+--------+--------+-----+--------+

Top non-repeatable levels by time:
     D:1: 1692 daAuts
     D:2: 270 daAuts
